 Dungeon Sprint DCSS version 0.31-a0-986-g5e6e4ef867 (webtiles) character file.

Game seed: 1227714104030609828

4625 rocky1 the Carver (level 10, -10/69 HPs)
             Began as a Tengu Fighter on Nov 20, 2023.
             Was a High Priest of Sif Muna.
             Killed from afar by a lindwurm (38 damage)
             ... with a blast of flame
             ... in the Dungeon (Sprint VII: "The Pits").
             The game lasted 00:05:48 (2577 turns).

rocky1 the Carver (Tengu Fighter)                   Turns: 2577, Time: 00:05:48

Health: -10/69     AC: 13    Str: 19    XL:     10   Next: 42%
Magic:  19/19      EV: 19    Int: 11    God:    Sif Muna [*****.]
Gold:   0          SH:  6    Dex: 16    Spells: 15/19 levels left

rFire   . . .        t - +2 scimitar (flame)
rCold   . . .        c - +0 buckler
rNeg    . . .        s - +4 scale mail
rPois   .            (helmet restricted)
rElec   .            (no cloak)
rCorr   .            (no gloves)
SInv    .            (boots unavailable)
Will    .....        (no amulet) Stlth
                     i - +3 ring of strength
HPRegen 0.31/turn    q - +3 ring of evasion
MPRegen 0.16/turn

%: no teleportation, acrobat
@: flying
A: beak, talons 3, evasive flight, acrobatic
a: Renounce Religion, Channel Magic, Forget Spell, Divine Exegesis


You were in the Dungeon.
You worshipped Sif Muna.
Sif Muna was extremely pleased with you.
You visited 1 branch

Inventory:

Hand Weapons
 t - a +2 scimitar of flaming (weapon)
Armour
 c - a +0 buckler (worn)
 s - a +4 scale mail (worn)
Jewellery
 i - a +3 ring of strength (left hand)
 q - a +3 ring of evasion (right hand)
Scrolls
 j - a scroll of blinking
 l - 2 scrolls of vulnerability
 m - 5 scrolls of amnesia
 n - a scroll of butterflies
Potions
 d - 2 potions of might
 e - 8 potions of curing
 f - 12 potions of heal wounds
 g - a potion of haste
 h - 4 potions of magic
 k - 2 potions of invisibility
 r - 2 potions of brilliance


   Skills:
 + Level 11.1 Fighting
 + Level 14.6 Long Blades
 + Level 11.3 Armour
 + Level 5.4 Dodging
 - Level 0.9 Stealth
 + Level 9.2 Shields
 * Level 5.3 Spellcasting
 * Level 5.0 Summonings
 * Level 5.7 Air Magic
 * Level 5.2 Invocations


You had 15 spell levels left.
You knew the following spells:

 Your Spells              Type           Power      Damage    Failure   Level
a - Summon Lightning Spi  Summ/Air       14%        N/A       54%         4

Your spell library contained the following spells:

 Spells                   Type           Power      Damage    Failure   Level
 Swiftness                Air            15%        N/A       17%         3
 Shock                    Conj/Air       36%        1d5       19%         1
 Cigotuvi's Dreadful Rot  Necr/Pois/Air  14%        N/A       36%         2
 Airstrike                Air            7%         2d(2-18)  50%         4
 Mephitic Cloud           Conj/Pois/Air  7%         N/A       61%         3
 Momentum Strike          Conj/Tloc      4%         3d8       65%         2
 Animate Armour           Summ/Erth      16%        N/A       90%         4
 Dispel Undead            Necr           2%         3d7       99%         4
 Silence                  Hex/Air        4%         N/A       99%         5
 Lee's Rapid Deconstruct  Erth           1%         3d4*      100%        5
 Death Channel            Necr           1%         N/A       100%        6
 Lehudib's Crystal Spear  Conj/Erth      1%         10d2      100%        8


Dungeon Overview and Level Annotations

Branches:
Dungeon (1/1)

Altars:
Ashenzari
Cheibriados
Dithmenos
Elyvilon
Fedhas
Gozag
Hepliaklqana
Kikubaaqudgha
Makhleb
Nemelex Xobeh
Okawaru
Qazlal
Ru
Sif Muna
Trog
Uskayaw
Vehumet
Wu Jian
Xom
Yredelemnul
Zin
The Shining One
Jiyva
Lugonu


Innate Abilities, Weirdness & Mutations

You have a beak for a mouth.
You have claws for feet.
Your magical flight helps you evade attacks. (EV +4)
You can magically evade attacks while moving or waiting.


Message History

Your Summonings skill increases to level 5!
Your Air Magic skill increases to level 5!
Your Invocations skill increases to level 5!
Unknown command.
You start resting.
Magic restored.
There is an open door, spattered with blood here.
Things that are here:
a +0 giant spiked club; a +0 giant spiked club You reach down and open the door.
A lindwurm and a molten gargoyle come into view.
The molten gargoyle is wielding a +1 mace of protection.
You hit the lindwurm. You burn the lindwurm.
You peck the lindwurm, but do no damage.
The lindwurm is lightly wounded.
The lindwurm breathes flames at you. The blast of flame misses you.
You hit the lindwurm. You burn the lindwurm.
The lindwurm is moderately wounded.
You hit the lindwurm but do no damage. Your kick misses the lindwurm.
You peck the lindwurm.
The lindwurm is moderately wounded.
The lindwurm bites you! The lindwurm closely misses you.
The lindwurm misses you.
You barely miss the lindwurm.
You claw the lindwurm, but do no damage.
The lindwurm is moderately wounded.
The lindwurm closely misses you. x3
You hit the lindwurm. You burn the lindwurm. You peck the lindwurm.
The lindwurm is heavily wounded.
You barely miss the lindwurm. You peck the lindwurm.
The lindwurm is heavily wounded.
The lindwurm breathes flames at you. The blast of flame hits you!!
You hit the lindwurm. You burn the lindwurm. You claw the lindwurm.
The lindwurm is severely wounded.
The lindwurm breathes flames at you. The blast of flame hits you!!!
Ouch! That really hurt!
You die...

..............+
..............+
....#..#......#
....)†...)....#
#)#####''######
))...##''#########
.....##......#...+
.....##....###...###
.<...##...##.+..@k9#
.....##..##..##)##..#
.....##†.#..##...##..+
.....##..#..#..[..# .#
#######..'..'÷....+ +
#######..#..#.....#
#...[##..#..##...##
#..[[##..##..##'##
÷..))##...##.+...+


You could see a lindwurm (catching breath) and a molten gargoyle.

Vanquished Creatures
  A two-headed ogre (D)
  A demonic crawler (D)
  A phantasmal warrior (D)
  A deep elf zephyrmancer (D)
  An elephant (D)
  A rime drake (D)
  A flying skull (D)
  A jumping spider (D)
  6 yaks (D)
  An ice beast (D)
  A black bear (D)
  2 sky beasts (D)
  A centaur (D)
  A gnoll sergeant (D)
  2 scorpions (D)
  3 killer bees (D)
  A hound (D)
  An iguana (D)
  4 gnolls (D)
  A river rat (D)
  2 ufetubi (D)
  4 orcs (D)
  A giant cockroach (D)
  A goblin (D)
  A ball python (D)
  2 bats (D)
  A frilled lizard (D)
  2 rats (D)
46 creatures vanquished.

Notes
Turn   | Place    | Note
-------+----------+-------------------------------------------
     0 | D        | rocky1 the Tengu Fighter began the quest for the Orb.
     0 | D        | Reached XP level 1. HP: 14/14 MP: 2/2
    18 | D        | Found a bloodstained altar of Trog.
    18 | D        | Found a shimmering blue altar of Sif Muna.
    18 | D        | Found a viscous altar of Jiyva.
    18 | D        | Found a hazy altar of Hepliaklqana.
    18 | D        | Found an opulent altar of Gozag.
    19 | D        | Found a glowing golden altar of the Shining One.
    19 | D        | Found a glowing silver altar of Zin.
    19 | D        | Found a basalt altar of Yredelemnul.
    19 | D        | Found a shimmering altar of Xom.
    19 | D        | Found an ornate altar of the Wu Jian Council.
    19 | D        | Found a sacrificial altar of Ru.
    19 | D        | Found a stormy altar of Qazlal.
    19 | D        | Found an iron altar of Okawaru.
    19 | D        | Found a sparkling altar of Nemelex Xobeh.
    19 | D        | Found a burning altar of Makhleb.
    19 | D        | Found a blossoming altar of Fedhas.
    19 | D        | Found a white marble altar of Elyvilon.
    19 | D        | Found a shadowy altar of Dithmenos.
    19 | D        | Found a snail-covered altar of Cheibriados.
    22 | D        | Found a corrupted altar of Lugonu.
    22 | D        | Found a radiant altar of Vehumet.
    23 | D        | Found an ancient bone altar of Kikubaaqudgha.
    23 | D        | Found a hide-covered altar of Uskayaw.
    23 | D        | Found a broken altar of Ashenzari.
    26 | D        | Became a worshipper of Sif Muna the Loreminder
    68 | D        | Reached * piety under Sif Muna
    78 | D        | Reached XP level 2. HP: 18/20 MP: 3/3
    79 | D        | Reached ** piety under Sif Muna
   165 | D        | Noticed a sky beast
   165 | D        | Noticed a sky beast
   179 | D        | HP: 1/20 [something (5)]
   183 | D        | Killed a sky beast
   184 | D        | Reached skill level 5 in Fighting
   184 | D        | Reached skill level 5 in Long Blades
   184 | D        | Reached skill level 5 in Armour
   184 | D        | Reached skill level 5 in Shields
   184 | D        | Reached XP level 3. HP: 27/27 MP: 4/4
   184 | D        | Reached XP level 4. HP: 32/32 MP: 5/5
   189 | D        | Killed a sky beast
   189 | D        | Reached *** piety under Sif Muna
   190 | D        | Reached skill level 6 in Long Blades
   190 | D        | Reached XP level 5. HP: 33/38 MP: 6/6
   258 | D        | Noticed an ice beast
   259 | D        | Noticed a black bear
   269 | D        | Killed an ice beast
   270 | D        | Reached skill level 7 in Long Blades
   270 | D        | Reached XP level 6. HP: 27/44 MP: 7/7
   274 | D        | Killed a black bear
   275 | D        | Reached skill level 8 in Long Blades
   275 | D        | Reached skill level 1 in Dodging
   277 | D        | Reached skill level 9 in Long Blades
   385 | D        | Reached **** piety under Sif Muna
   386 | D        | Gained mutation: Your magical flight helps you evade
                  | attacks. (EV +4) [Tengu growth]
   386 | D        | Reached XP level 7. HP: 43/50 MP: 8/8
   512 | D        | Noticed a flying skull
   524 | D        | Killed a flying skull
   525 | D        | Reached skill level 10 in Long Blades
   658 | D        | Noticed a phantasmal warrior
   665 | D        | Killed a phantasmal warrior
   666 | D        | Reached skill level 11 in Long Blades
   666 | D        | Reached XP level 8. HP: 36/56 MP: 9/9
   876 | D        | Reached ***** piety under Sif Muna
   985 | D        | Noticed a yak
   985 | D        | Noticed a yak
   985 | D        | Noticed a yak
   985 | D        | Noticed a yak
   985 | D        | Noticed a yak
   985 | D        | Noticed a yak
   985 | D        | Noticed a demonic crawler
   992 | D        | Killed a yak
   992 | D        | Received a gift from Sif Muna
   993 | D        | Reached skill level 12 in Long Blades
  1002 | D        | HP: 4/85 [demonic crawler (8)]
  1004 | D        | Killed a demonic crawler
  1005 | D        | Reached skill level 10 in Fighting
  1005 | D        | Reached skill level 13 in Long Blades
  1005 | D        | Reached skill level 10 in Armour
  1005 | D        | Reached XP level 9. HP: 5/62 MP: 9/13
  1304 | D        | Learned a level 4 spell: Summon Lightning Spire
  1482 | D        | Reached skill level 1 in Summonings
  1482 | D        | Reached skill level 1 in Air Magic
  1484 | D        | Identified the of Doteew (Sif Muna gifted it to you in the
                  | Dungeon)
  1484 | D        | Received a gift from Sif Muna
  1846 | D        | Noticed an elephant
  1860 | D        | Killed an elephant
  1947 | D        | Noticed a deep elf zephyrmancer
  1958 | D        | Killed a deep elf zephyrmancer
  1959 | D        | Reached skill level 14 in Long Blades
  1959 | D        | Reached XP level 10. HP: 68/68 MP: 17/17
  2080 | D        | Reached skill level 5 in Dodging
  2132 | D        | Received a gift from Sif Muna
  2262 | D        | Reached skill level 5 in Spellcasting
  2553 | D        | Noticed a two-headed ogre
  2558 | D        | Killed a two-headed ogre
  2559 | D        | Reached skill level 5 in Summonings
  2559 | D        | Reached skill level 5 in Air Magic
  2559 | D        | Reached skill level 5 in Invocations
  2570 | D        | Noticed a lindwurm
  2570 | D        | Noticed a molten gargoyle
  2577 | D        | Killed from afar by a lindwurm

Illustrated notes

Levels and vault maps discovered:
D:        pitsprint [storerooms_1, entrance_room_1, metal_vault_6, armoury_2,
          mini_pit_1, grid_room_1, main_hall_1, silver_pit, the_coven_1,
          the_vestibule_1, steel_vault_5, golden_pit, hallway_of_sentries,
          crystal_vault_3, iron_vault_3, final_vault]

Skill      XL: |  1  2  3  4  5  6  7  8  9 10 |
---------------+-------------------------------+-----
Fighting       | 5 7 8 9 10 11 | 11.1
Armour         | 5 6 7 8 9 10 11 | 11.3
Long Blades    | 5 6 7 9 11 13 14 | 14.6
Shields        | 5 6 7 8 9 |  9.2
Dodging        | 1 3 4 5 |  5.4
Spellcasting   | 2 4 5 |  5.3
Invocations    | 2 4 5 |  5.2
Summonings     | 3 5 |  5.0
Air Magic      | 4 5 |  5.7
Stealth        | |  0.9

Action                     |  1- 3 |  4- 6 |  7- 9 | 10-12 || total
---------------------------+-------+-------+-------+-------++-------
  Melee: Long sword        |    19 |    24 |    53 |       ||    96
         Peck              |     1 |     4 |    20 |     9 ||    34
         Kick              |     1 |     5 |    29 |    11 ||    46
         Scimitar          |       |       |    37 |    36 ||    73
    Use: Potion            |     3 |       |     2 |       ||     5
 Armour: Scale mail        |    16 |    21 |    43 |    19 ||    99
  Dodge: Dodged            |     7 |    12 |    39 |    28 ||    86
  Block: Buckler           |     1 |    10 |    19 |     6 ||    36

Table legend: (Time is in decaauts)
 A = Elapsed time spent in this place.
 B = Non-inter-level travel time spent in this place.
 C = Inter-level travel time spent in this place.
 D = Time resting spent in this place.
 E = Time spent auto-exploring this place.
 F = Levels seen in this place.
 G = Mean time per level.
                   A        B        C        D        E       F      G
               +--------+--------+--------+--------+--------+-----+--------+
         Total |   2579 |   2516 |     63 |   1808 |      0 |   1 | 2579.0 |
       Dungeon |   2579 |   2516 |     63 |   1808 |      0 |   1 | 2579.0 |
               +--------+--------+--------+--------+--------+-----+--------+

Top non-repeatable levels by time:
       D: 2579 daAuts
